 Dungeon Crawl Stone Soup version 0.22-a0-430-g6609fc6 (webtiles) character file.

5946 inmateoo the Severer (level 10, -1/93 HPs)
             Began as a Minotaur Air Elementalist on May 26, 2018.
             Was a Believer of Okawaru.
             Killed from afar by a wizard (46 damage)
             ... with a crystal spear
             ... on level 10 of the Dungeon.
             The game lasted 00:13:33 (9963 turns).

inmateoo the Severer (Minotaur Air Elementalist)    Turns: 9963, Time: 00:13:34

Health: -1/93      AC: 12    Str: 16    XL:     10   Next: 54%
Magic:  11/11      EV:  7    Int: 12    God:    Okawaru [**....]
Gold:   444        SH:  0    Dex: 11    Spells: 11/11 levels left

rFire    + . .     SeeInvis +   s - +2 broad axe
rCold    . . .     Gourm    .   (no shield)
rNeg     . . .     Faith    .   j - +1 chain mail {MR+}
rPois    .         Spirit   .   (helmet restricted)
rElec    .         Reflect  .   t - +2 cloak {MR+}
rCorr    .         Harm     .   (no gloves)
MR       ++...                  (no boots)
Stlth    ..........             (no amulet)
HPRegen  0.25/turn              m - ring of see invisible
MPRegen  0.12/turn              g - ring of protection from fire

@: no status effects
A: retaliatory headbutt, horns 2
a: Heroism, Renounce Religion


You were on level 10 of the Dungeon.
You worshipped Okawaru.
Okawaru was pleased with you.
You were not hungry.

You visited 2 branches of the dungeon, and saw 11 of its levels.
You also visited: Sewer and Ossuary.

You collected 444 gold pieces.

Inventory:

Hand Weapons
 n - the +4 dagger of the Egg {freeze, Fragile Int+8}
   (You found it on level 5 of the Dungeon)

   It has been specially enchanted to freeze those struck by it, causing extra
   injury to most foes and up to half again as much damage against particularly
   susceptible opponents.
   It can also slow down cold-blooded creatures.
   It affects your intelligence (+8).
   It will be destroyed if unequipped.
 s - a +2 broad axe (weapon)
 u - a -1 eveningstar
Armour
 j - a +1 chain mail of magic resistance (worn)
 t - a +2 cloak of magic resistance (worn)
Jewellery
 f - an uncursed ring of flight
 g - a ring of protection from fire (right hand)
 m - a ring of see invisible (left hand)
 y - the amulet "Xuc Pahu" {Harm *Drain Str+5, unknown}
   (You found it on level 9 of the Dungeon)

   [amulet of harm]

   It increases damage dealt and taken.
   It affects your strength (+5).
   It causes draining when unequipped.
 z - a cursed amulet of inaccuracy {unknown}
Wands
 b - a wand of paralysis (26)
 d - a wand of digging (10)
Scrolls
 a - 2 scrolls of fear
 e - 4 scrolls of blinking
 l - 5 scrolls of remove curse
 v - 5 scrolls of teleportation
 w - 4 scrolls of identify
 x - 3 scrolls of fog
 A - 3 scrolls of magic mapping
Potions
 h - a potion of lignification
 i - a potion of agility
 k - 3 potions of heal wounds
 o - 2 potions of brilliance
 p - 2 potions of magic
 q - 2 potions of mutation
 r - 5 potions of curing
Comestibles
 c - 13 rations


   Skills:
 - Level 10.0 Fighting
 * Level 15.1 Axes
 - Level 2.1 Dodging
 - Level 1.5 Stealth
 - Level 1.3 Spellcasting
   Level 0.6 Conjurations
   Level 2.1 Air Magic


You had 11 spell levels left.
You didn't know any spells.
Your spell library contained the following spells:

 Spells                   Type           Power        Failure   Level  Hunger
 Lightning Bolt           Conj/Air       #.........   100%        5    ######.
 Summon Small Mammal      Summ           #...         99%         1    ##.....
 Summon Ice Beast         Ice/Summ       #.......     100%        4    #####..
 Call Imp                 Summ           #.......     100%        2    ###....
 Shock                    Conj/Air       #...         98%         1    ##.....
 Swiftness                Chrm/Air       #.......     99%         2    ###....
 Airstrike                Air            #.........   100%        4    #####..
 Call Canine Familiar     Summ           #.......     100%        3    ####...
 Static Discharge         Conj/Air       #.......     100%        3    ####...
 Summon Lightning Spire   Summ/Air       #.......     100%        4    #####..
 Summon Guardian Golem    Hex/Summ       #.......     100%        3    ####...


Dungeon Overview and Level Annotations

Branches:
Dungeon (10/15)            Temple (1/1) D:7             Orc (0/2) D:9
   Lair: D:8-11

Altars:
Elyvilon
Fedhas
Kikubaaqudgha
Nemelex Xobeh
Okawaru
Ru
Trog
Vehumet
Xom
Yredelemnul

Annotations:
D:3 inmateoo's ghost, amateur MiAE
D:8 exclusion: door


Innate Abilities, Weirdness & Mutations

You reflexively headbutt those who attack you in melee.
You have a pair of horns on your head.


Message History

The crimson imp barely misses you.
You slash the wizard!
The wizard is severely wounded.
You hit the crimson imp.
The wizard points at you and mumbles some strange words.
The crystal spear hits you!
Ouch! That really hurt!
The crimson imp barely misses you.
You are too injured to fight recklessly!
Unknown command.
You are too injured to fight recklessly!
Unknown command.
You barely miss the wizard. Your headbutt misses the wizard.
The wizard is severely wounded.
You slash the crimson imp!
You kill the crimson imp!
Okawaru accepts your kill.
The wizard gestures at you while chanting.
The crystal spear hits you!
You die...

.. #.#
#.#.# # #.
#.#.# #.#.#
#.#.#
##.#.####
#...##..##
#.###....##
#.##.....$#
#.'@......:
#.'.p.....?
####......#
#....##
#..## ###


You could see a wizard.

Vanquished Creatures
  The ghost of inmateoo the Basher, a novice CeAE of Wu Jian (D:7)
  Prince Ribbit (D:8)
  A hippogriff (D:7)
  A hungry ghost (D:9)
  A human (D:8)
  A steam dragon (D:8)
  Menkaure (Ossuary)
  3 sky beasts
  2 ice beasts
  2 black bears
  2 orc warriors
  A phantom (D:6)
  A necrophage (D:9)
  An ogre (D:6)
  A centaur (D:7)
  A big kobold (D:7)
  A crocodile (D:10)
  4 bullfrogs
  10 scorpions
  6 killer bees (D:9)
  5 wights (D:8)
  A bullfrog zombie (D:5)
  5 centaur zombies
  5 crimson imps
  A human zombie (Ossuary)
  3 hounds
  2 quasits (D:9)
  Crazy Yiuf (D:5)
  2 bullfrog skeletons
  4 orc priests
  2 jellies
  9 orc wizards
  A centaur skeleton (D:5)
  A gnoll shaman (D:5)
  An iguana (D:9)
  Ijyb (D:5)
  Natasha (thrice) (D:2)
  A worker ant (D:9)
  3 ogre zombies (Ossuary)
  6 mummies (Ossuary)
  Robin (D:2)
  15 adders
  6 river rats
  7 gnolls
  A shadow imp (D:6)
  4 adder zombies (Ossuary)
  4 oozes
  3 adder skeletons
  2 worms
  2 dart slugs (D:3)
  3 leopard geckos
  18 orcs
  A ball python (Sewer)
  8 giant cockroaches
  16 goblins
  17 hobgoblins
  2 jackals (D:6)
  13 kobolds
  4 quokkas
  12 bats
  13 frilled lizards
  4 goblin zombies (Ossuary)
  8 hobgoblin zombies (Ossuary)
  A kobold zombie (Ossuary)
  A leopard gecko zombie (D:8)
  An orc zombie (D:7)
  A quokka skeleton (D:4)
  2 quokka zombies (Ossuary)
  20 rats
  5 rat zombies (Ossuary)
  9 fungi
303 creatures vanquished.

Vanquished Creatures (others)
  A human (D:7)
  A fungus (D:6)
2 creatures vanquished.

Grand Total: 305 creatures vanquished

Notes
Turn   | Place    | Note
-------+----------+-------------------------------------------
     0 | D:1      | inmateoo the Minotaur Air Elementalist began the quest for the Orb.
     0 | D:1      | Reached XP level 1. HP: 14/14 MP: 1/1
   161 | D:1      | Reached skill level 1 in Axes
   165 | D:1      | Reached skill level 1 in Fighting
   165 | D:1      | Reached XP level 2. HP: 12/23 MP: 3/3
   308 | D:1      | Reached skill level 2 in Axes
   846 | D:2      | Noticed Robin
  1091 | D:2      | Reached XP level 3. HP: 27/28 MP: 4/4
  1291 | D:2      | Reached skill level 3 in Axes
  1438 | D:2      | Reached XP level 4. HP: 37/37 MP: 5/5
  1694 | D:2      | Killed Robin
  1694 | D:2      | Reached skill level 4 in Axes
  1776 | D:2      | Noticed Natasha
  1784 | D:2      | Killed Natasha
  2304 | D:2      | Noticed Natasha
  2315 | D:2      | Killed Natasha
  2315 | D:2      | Reached XP level 5. HP: 18/45 MP: 6/6
  2547 | D:2      | Noticed Natasha
  2558 | D:2      | Killed Natasha
  2558 | D:2      | Reached skill level 5 in Axes
  3401 | D:3      | Noticed inmateoo's ghost (amateur MiAE)
  3852 | D:3      | Reached XP level 6. HP: 50/52 MP: 7/7
  4065 | D:4      | Reached skill level 6 in Axes
  4136 | D:5      | Entered Level 5 of the Dungeon
  4226 | D:5      | Reached skill level 7 in Axes
  4305 | D:5      | Got a pitted dagger
  4358 | D:5      | Reached XP level 7. HP: 29/60 MP: 8/8
  4392 | D:5      | Reached skill level 5 in Fighting
  4584 | D:5      | Found a glowing drain.
  4588 | Sewer    | Entered a sewer
  5099 | D:5      | Reached skill level 8 in Axes
  5180 | D:5      | Noticed Ijyb
  5200 | D:5      | Killed Ijyb
  5372 | D:5      | Found a sparkling altar of Nemelex Xobeh.
  5406 | D:5      | Reached skill level 9 in Axes
  5597 | D:5      | Reached XP level 8. HP: 51/68 MP: 9/9
  5823 | D:5      | Identified the +4 dagger of the Egg {freeze, Fragile Int+8} (You found it on level 5 of the Dungeon)
  5913 | D:5      | Found a runed door.
  5917 | D:5      | Noticed Crazy Yiuf
  5929 | D:5      | Killed Crazy Yiuf
  6058 | D:6      | Reached skill level 10 in Axes
  6192 | D:6      | Reached skill level 11 in Axes
  6489 | D:6      | Reached XP level 9. HP: 51/78 MP: 10/10
  6787 | D:6      | Reached skill level 12 in Axes
  6984 | D:7      | Found a staircase to the Ecumenical Temple.
  6987 | D:7      | Noticed inmateoo's ghost (novice CeAE)
  7010 | D:7      | Killed inmateoo's ghost
  7010 | D:7      | Reached skill level 13 in Axes
  7017 | Temple   | Entered the Ecumenical Temple
  7029 | Temple   | Became a worshipper of Warmaster Okawaru
  7242 | D:7      | Found an ancient bone altar of Kikubaaqudgha.
  7424 | D:7      | Found a sand-covered staircase.
  7429 | Ossuary  | Entered an ossuary
  7792 | Ossuary  | Noticed Menkaure
  7797 | Ossuary  | Killed Menkaure
  7800 | Ossuary  | Reached * piety under Okawaru
  8405 | D:8      | Reached XP level 10. HP: 91/91 MP: 11/11
  8511 | D:8      | Noticed Prince Ribbit
  8529 | D:8      | Killed Prince Ribbit
  8529 | D:8      | Reached skill level 14 in Axes
  8973 | D:8      | Reached ** piety under Okawaru
  9276 | D:9      | Got a transparent rapier
  9279 | D:9      | Found a staircase to the Orcish Mines.
  9284 | D:9      | Identified the +6 rapier "Liuq" {vamp, *Corrode MP+9 Int+2} (You found it on level 9 of the Dungeon)
  9702 | D:9      | Got a scorched crystal amulet
  9770 | D:9      | Reached skill level 10 in Fighting
  9770 | D:9      | Reached skill level 15 in Axes
  9848 | D:10     | Entered Level 10 of the Dungeon
  9957 | D:10     | Noticed a wizard
  9963 | D:10     | Killed from afar by a wizard

Vault maps used:
D:1:      dpeg_cavernosity
D:2:      kennysheep_generic_room_7, uniq_robin, uniq_natasha
D:3:      hangedman_decor_push, small_statue_intersection, lemuel_flame_loot_1
D:4:      first_ration, minmay_misc_feat_doors
D:5:      gup_sewer_entry_bowl, nemelex_lonely_heart_becter,
          uniq_crazy_yiuf_cottage, uniq_ijyb
D:6:      old_forge, nicolae_overflow_hidden_temple, grunt_ministairs_7
D:7:      minmay_temple_entry_grid, enter_ossuary_3, tgw_kikubaaqudgha
D:8:      grunt_pizzeria, nrook_pool_corridor, minmay_misc_feat_tiny,
          uniq_prince_ribbit1
D:9:      orc_0_dummy
D:10:     serial_co_window_serial, co_window_paths_a, co_window_paths_b,
          co_window_paths_b, co_window_of_opportunity_a, co_window_paths_a,
          co_window_paths_a, co_window_of_opportunity_a,
          co_window_unsneaky_path_a, co_window_2corner,
          co_window_unsneaky_path_d, co_window_corner_cb, co_window_paths_c,
          co_window_4corner_a, lightli_wizard_tower
Temple:   nicolae_temple_the_god_donut
Sewer:    sewer_co_cracked_pipes
Ossuary:  ossuary_boxes_badplayer

Skill      XL: |  1  2  3  4  5  6  7  8  9 10 |
---------------+-------------------------------+-----
Axes           | 1 2 3 4 5 7 9 11 13 15 | 15.1
Fighting       | 1 2 3 4 5 6 9 10 | 10.0
Dodging        | |  2.1
Stealth        | |  1.5
Spellcasting   | |  1.3
Conjurations   | |  0.6
Air Magic      | |  2.1

Action                   |  1- 3 |  4- 6 |  7- 9 | 10-12 || total
-------------------------+-------+-------+-------+-------++-------
Melee: Hand axe          |    72 |   241 |   179 |       ||   492
       Headbutt          |    13 |    39 |    83 |    22 ||   157
       Broad axe         |       |       |   294 |   174 ||   468
Evoke: Wand              |       |       |       |     5 ||     5
  Use: Scroll            |     1 |     7 |    12 |     2 ||    22
       Potion            |       |     2 |     3 |       ||     5
 Stab: Sleeping          |     1 |     4 |       |       ||     5
       Paralysed         |       |       |       |     2 ||     2
  Eat: Chunk             |     2 |     9 |    11 |     4 ||    26
       Ration            |       |       |     1 |     1 ||     2
Armor: Robe              |    10 |     1 |       |       ||    11
       Animal skin       |       |    21 |       |       ||    21
       Chain mail        |       |    42 |   255 |   107 ||   404
Dodge: Dodged            |    49 |   114 |   116 |    70 ||   349

Table legend:
 A = Spawn XP
 B = Non-spawn XP
 C = Spawn XP percentage of total XP
 D = Spawn monster count
 E = Non-spawn monster count
 F = Spawn count percentage of total count
 G = Total turns spent on level
                    A         B        C        D         E        F      G
               +---------+---------+-------+---------+---------+-------+---------
         Total |       0 |    8495 |   0.0 |       0 |     294 |   0.0 |  9963
               +---------+---------+-------+---------+---------+-------+---------
           D:1 |       0 |      40 |   0.0 |       0 |      25 |   0.0 |  1283
           D:2 |       0 |     275 |   0.0 |       0 |      41 |   0.0 |  1844
           D:3 |       0 |      74 |   0.0 |       0 |      27 |   0.0 |   918
           D:4 |       0 |      52 |   0.0 |       0 |       4 |   0.0 |    91
           D:5 |       0 |    1026 |   0.0 |       0 |      43 |   0.0 |  1430
           D:6 |       0 |    1574 |   0.0 |       0 |      34 |   0.0 |   923
           D:7 |       0 |    1604 |   0.0 |       0 |      11 |   0.0 |   767
           D:8 |       0 |    1484 |   0.0 |       0 |      22 |   0.0 |   778
           D:9 |       0 |    1495 |   0.0 |       0 |      20 |   0.0 |   844
          D:10 |       0 |     272 |   0.0 |       0 |       5 |   0.0 |   115
         Sewer |       0 |      76 |   0.0 |       0 |      25 |   0.0 |   489
       Ossuary |       0 |     523 |   0.0 |       0 |      37 |   0.0 |   456
               +---------+---------+-------+---------+---------+-------+---------
